 Dungeon Crawl Stone Soup version 0.31-a0-358-gac0dbeb3ab (webtiles) character file.

Game seed: 3291240893594457476

8953 Shayle the Martial Artist (level 11, -4/83 HPs)
             Began as a Gnoll Shapeshifter on July 26, 2023.
             Was a Follower of Ashenzari.
             Slain by a blink frog (18 damage)
             ... on level 1 of the Lair of Beasts.
             The game lasted 00:26:06 (9694 turns).

Shayle the Martial Artist (Gnoll Shapeshifter)      Turns: 9694, Time: 00:26:07

Health: -4/83      AC:  5    Str: 15    XL:     11   Next: 38%
Magic:  20/20      EV: 15    Int:  8    God:    Ashenzari [*.....]
Gold:   478        SH:  6    Dex: 16    Spells: 19/22 levels left

rFire   + . .        i - +1 long sword (flame)
rCold   . . .        E - +0 buckler
rNeg    . . .        b - +0 troll leather armour
rPois   .            (helmet currently unavailable)
rElec   .            (cloak currently unavailable)
rCorr   +            (gloves currently unavailable)
SInv    .            (boots currently unavailable)
Will    .....        (no amulet)
Stlth   +++          q - ring of the Cryptic God {rF+, Fort, Elem} (curse)
HPRegen 1.13/turn    x - ring "I Knew You'd Do That" {rCorr, Melee, Bglg} (curse)
MPRegen 0.17/turn

%: no passive effects
@: about to teleport, beast-form
A: beast (slay +5), fangs 1, strong nose, distributed training
a: Begin Untransformation, Renounce Religion, Curse Item, Shatter the Chains


You were on level 1 of the Lair of Beasts.
You worshipped Ashenzari.
Ashenzari was aware of your devotion.
You were a hulking beast.
You visited 3 branches of the dungeon, and saw 11 of its levels.

You collected 478 gold pieces.

Inventory:

Hand Weapons
 i - a +1 long sword of flaming (weapon)
 u - a +2 whip of electrocution
Missiles
 m - 8 boomerangs
 y - a throwing net
 C - a curare-tipped dart (quivered)
Armour
 a - a +0 animal skin
 b - a +0 troll leather armour (worn)
 f - a +2 helmet
 h - the +0 crystal plate armour "Kumioxzewko" {rPois Will+ Int-4 Dex+2}
   (You acquired it on level 6 of the Dungeon)

   Int:       It affects your intelligence (-4).
   Dex:       It affects your dexterity (+2).
   rPois:     It protects you from poison.
   Will:      It increases your willpower.
 j - +0 steam dragon scales
 l - a +0 ring mail
 E - a +0 buckler (worn)
Jewellery
 k - a ring of positive energy
 q - the cursed ring of the Cryptic God (left hand) {rF+, Fort, Elem}
   (You found it on level 3 of the Dungeon)

   [ring of protection from fire]

   rF:        It protects you from fire.
   It has a curse which improves the following skills: Fortitude: Armour and
   Shields.
   Elements:  Fire Magic, Ice Magic, Air Magic and Earth Magic.
 w - a +4 ring of slaying
 x - the cursed ring "I Knew You'd Do That" (right hand) {rCorr, Melee, Bglg}
   (You found it on level 5 of the Dungeon)

   [ring of resist corrosion]

   rCorr:     It protects you from acid and corrosion.
   It has a curse which improves the following skills: Melee Combat: Short
   Blades, Long Blades, Axes, Maces & Flails, Polearms, Staves and Unarmed
   Combat.
   Beguiling: Conjurations, Hexes and Translocations.
Talismans
 c - a beast talisman
 t - a blade talisman
Wands
 z - a wand of iceblast (5)
Scrolls
 d - 2 scrolls of noise
 o - 3 scrolls of teleportation
 A - 2 scrolls of revelation
 B - 6 scrolls of identify
Potions
 e - 2 potions of magic
 g - 2 potions of degeneration
 n - 2 potions of attraction
 p - 2 potions of enlightenment
 r - a potion of ambrosia
 s - a potion of curing


   Skills:
 + Level 6.9 Fighting
 + Level 6.3(7.1) Short Blades
 + Level 6.3(7.1) Long Blades
 + Level 6.3(7.1) Axes
 + Level 6.3(7.1) Maces & Flails
 + Level 6.3(7.1) Polearms
 + Level 6.3(7.1) Staves
 + Level 6.3 Ranged Weapons
 + Level 6.3 Throwing
 + Level 6.3(7.1) Armour
 + Level 7.9 Dodging
 + Level 6.3 Stealth
 + Level 6.3(7.1) Shields
 + Level 9.2(10.0) Unarmed Combat
 + Level 6.3 Spellcasting
 + Level 5.2(6.0) Conjurations
 + Level 5.2(6.0) Hexes
 + Level 5.2 Summonings
 + Level 5.2 Necromancy
 + Level 5.2(6.0) Translocations
 + Level 5.2 Transmutations
 + Level 5.2(6.0) Fire Magic
 + Level 5.2(6.0) Ice Magic
 + Level 5.2(6.0) Air Magic
 + Level 5.2(6.0) Earth Magic
 + Level 5.2 Poison Magic
 + Level 7.0 Invocations
 + Level 6.3 Evocations
 + Level 8.5 Shapeshifting


You had 19 spell levels left.
You knew the following spells:

 Your Spells              Type           Power      Damage    Failure   Level
a - Mephitic Cloud        Conj/Pois/Air  11%        N/A       10%         3

Your spell library contained the following spells:

 Spells                   Type           Power      Damage    Failure   Level
 Magic Dart               Conj           48%        1d5       3%          1
 Summon Small Mammal      Summ           40%        N/A       4%          1
 Call Imp                 Summ           20%        N/A       6%          2
 Gell's Gravitas          Tloc           12%        N/A       9%          3
 Inner Flame              Hex/Fire       12%        N/A       9%          3
 Teleport Other           Tloc           12%        N/A       9%          3
 Summon Guardian Golem    Hex/Summ       11%        N/A       10%         3
 Call Canine Familiar     Summ           10%        N/A       12%         3
 Yara's Violent Unravell  Hex/Tmut       5%         3d4       67%         5
 Dispersal                Tloc           6%         N/A       99%         6
 Enfeeble                 Hex            6%         N/A       100%        7


Dungeon Overview and Level Annotations

Branches:
Dungeon (9/15)             Temple (1/1) D:4            Lair (1/5) D:8
    Orc (0/2) D:9

Altars:
Ashenzari
Cheibriados
Dithmenos
Elyvilon
Fedhas
Gozag
Hepliaklqana
Kikubaaqudgha
Makhleb
Okawaru
Qazlal
Ru
Sif Muna
Trog
Uskayaw
Vehumet
Xom
Yredelemnul
Zin
The Shining One

Annotations:
D:3 2 transporters, 1 runed translucent door, Newt's ghost, weakling DrSh


Innate Abilities, Weirdness & Mutations

You are a hulking beast.
Your limbs bulge with bestial killing power. (Slay +5)
You have very sharp teeth.
Your uncanny sense of smell can sniff out nearby items.
Your experience applies equally to all skills.


Message History

The water moccasin hisses angrily.
You slash the water moccasin! You burn the water moccasin.
The water moccasin is severely wounded.
A nearby fungus withers and dies.
The water moccasin misses you. The water moccasin bites you.
You slash the water moccasin! You burn the water moccasin.
You kill the water moccasin!
You see here a water moccasin corpse.
There is a stone staircase leading down here.
The blink frog croaks. x2
The blink frog blinks! x2
The blink frog blinks!
You slash the blink frog! You burn the blink frog.
Your bite misses the blink frog.
The blink frog is heavily wounded.
You block the blink frog's attack.
You barely miss the blink frog.
The blink frog is heavily wounded.
The blink frog hits you! x2; The blink frog blinks!
The blink frog blinks!
The blink frog hits you!
The blink frog attacks as you move away!
The blink frog hits you!
You miss the blink frog.
The blink frog is heavily wounded.
The blink frog hits you but does no damage.
The blink frog hits you. The blink frog hits you!
* * * LOW HITPOINT WARNING * * *
The blink frog blinks!
You closely miss the blink frog.
The blink frog is heavily wounded.
The blink frog hits you!
* * * LOW HITPOINT WARNING * * *
The blink frog blinks!
As you read the scroll of teleportation, it crumbles to dust.
You feel strangely unstable.
The blink frog blinks!
The blink frog hits you but does no damage.
As you read the scroll of fear, it crumbles to dust.
You assume a fearsome visage.
The blink frog looks frightened!
The blink frog easily resists.
The blink frog blinks!
The blink frog hits you!!
You die...

###'# ####.## #...## #.# ##
###...# ##..#.#######.## #.##
#....##
#.).#.#.#....#.####...#####..####
...............F...............#.
.........#........#........#.....
................................#
...#...........#.F#...........#(.
................h..............##
...####..####.###.#####..#..##...
.........# #..#### ###...####.
.........# ##.# #........
.###.##..# #.# #######.#
...#.##### #.# ####.(# #....# #.#
###.##.#. ##...### ##.# #.......<
...†...# #..# #........


You could see 2 blink frogs.

Vanquished Creatures
  A two-headed ogre (D:9)
  2 cane toads (Lair:1)
  Maggie (D:6)
  3 komodo dragons (Lair:1)
  A polar bear (Lair:1)
  2 trolls
  4 blink frogs (Lair:1)
  A wraith (D:9)
  2 wyverns
  4 yaks (D:9)
  A steam dragon (D:8)
  Menkaure (D:6)
  5 water moccasins (Lair:1)
  An acid dragon (D:9)
  3 ice beasts
  4 orc warriors (D:8)
  An ogre (D:6)
  10 wolves (Lair:1)
  2 centaurs
  A phantom (D:4)
  3 kobold brigands
  2 bullfrogs
  2 gnoll sergeants (D:9)
  3 scorpions
  A howler monkey (D:6)
  A hound (D:5)
  2 jellies
  2 gnoll boudas
  5 orc priests
  Jessica (D:3)
  7 orc wizards
  2 sleepcaps
  7 iguanas
  15 gnolls
  10 adders
  2 white imps
  An ufetubus (D:5)
  2 dart slugs (D:1)
  A worm (D:5)
  44 orcs
  6 ball pythons
  7 endoplasms
  4 giant cockroaches
  5 goblins
  7 hobgoblins
  3 quokkas
  4 bats
  3 frilled lizards
  7 kobolds
  3 rats
212 creatures vanquished.

Notes
Turn   | Place    | Note
-------+----------+-------------------------------------------
     0 | D:1      | Shayle the Gnoll Shapeshifter began the quest for the Orb.
     0 | D:1      | Reached XP level 1. HP: 17/17 MP: 1/1
   115 | D:1      | Reached XP level 2. HP: 23/23 MP: 2/2
   636 | D:2      | Reached XP level 3. HP: 28/28 MP: 2/4
   662 | D:2      | Found a bloodstained altar of Trog.
   745 | D:2      | Reached skill level 1 in Invocations
   796 | D:2      | Reached skill level 1 in Short Blades
   796 | D:2      | Reached skill level 1 in Long Blades
   796 | D:2      | Reached skill level 1 in Axes
   796 | D:2      | Reached skill level 1 in Maces & Flails
   796 | D:2      | Reached skill level 1 in Polearms
   796 | D:2      | Reached skill level 1 in Staves
   796 | D:2      | Reached skill level 1 in Ranged Weapons
   796 | D:2      | Reached skill level 1 in Throwing
   796 | D:2      | Reached skill level 1 in Armour
   796 | D:2      | Reached skill level 1 in Stealth
   796 | D:2      | Reached skill level 1 in Shields
   796 | D:2      | Reached skill level 1 in Spellcasting
   796 | D:2      | Reached skill level 1 in Evocations
   968 | D:2      | Reached XP level 4. HP: 32/34 MP: 5/5
  1116 | D:2      | Reached skill level 1 in Conjurations
  1116 | D:2      | Reached skill level 1 in Hexes
  1116 | D:2      | Reached skill level 1 in Summonings
  1116 | D:2      | Reached skill level 1 in Necromancy
  1116 | D:2      | Reached skill level 1 in Translocations
  1116 | D:2      | Reached skill level 1 in Transmutations
  1116 | D:2      | Reached skill level 1 in Fire Magic
  1116 | D:2      | Reached skill level 1 in Ice Magic
  1116 | D:2      | Reached skill level 1 in Air Magic
  1116 | D:2      | Reached skill level 1 in Earth Magic
  1116 | D:2      | Reached skill level 1 in Poison Magic
  1398 | D:3      | Learned a level 3 spell: Mephitic Cloud
  1434 | D:3      | Reached XP level 5. HP: 37/40 MP: 5/7
  1472 | D:3      | Found a transporter.
  1507 | D:3      | Found an iron altar of Okawaru.
  1600 | D:3      | Noticed Jessica
  1608 | D:3      | Killed Jessica
  1649 | D:3      | Found a transporter.
  1901 | D:3      | Found a runed translucent door.
  1901 | D:3      | Noticed Newt's ghost (weakling DrSh)
  2021 | D:4      | Noticed a phantom
  2033 | D:4      | Killed a phantom
  2034 | D:4      | Reached XP level 6. HP: 45/47 MP: 8/8
  2066 | D:5      | Entered Level 5 of the Dungeon
  2072 | D:5      | Noticed an ice beast
  2083 | D:5      | Killed an ice beast
  2084 | D:5      | Reached skill level 5 in Dodging
  2229 | D:5      | Found a sacrificial altar of Ru.
  2520 | D:5      | Reached skill level 7 in Unarmed Combat
  2520 | D:5      | Reached XP level 7. HP: 29/52 MP: 10/10
  3011 | D:5      | Identified the +0 robe "Budghiehy" {+Blink}
  3012 | D:5      | Found a bloodstained altar of Trog.
  3721 | D:6      | Reached XP level 8. HP: 26/60 MP: 12/12
  3733 | D:6      | Identified a scroll of acquirement
  3733 | D:6      | Acquired the +0 crystal plate armour "Kumioxzewko" {rPois
                  | Will+ Int-4 Dex+2}
  3744 | D:6      | Noticed Maggie
  3757 | D:6      | Killed Maggie
  4165 | D:6      | Found a burning altar of Makhleb.
  4447 | D:6      | Found a stormy altar of Qazlal.
  4449 | D:6      | Noticed a water elemental
  4450 | D:6      | Noticed an air elemental
  4451 | D:6      | Noticed Menkaure
  4458 | D:6      | Killed Menkaure
  4459 | D:6      | Reached XP level 9. HP: 66/66 MP: 14/14
  5128 | D:4      | Found a staircase to the Ecumenical Temple.
  5149 | Temple   | Entered the Ecumenical Temple
  5195 | Temple   | Became a worshipper of Ashenzari the Shackled
  6193 | D:7      | You fall into a shaft and drop 1 floor!
  6275 | D:8      | Reached skill level 5 in Fighting
  6469 | D:8      | Reached * piety under Ashenzari
  6485 | D:8      | Reached skill level 8 in Unarmed Combat
  6809 | D:8      | Found a staircase to the Lair.
  6813 | D:8      | Reached skill level 5 in Invocations
  7566 | Lair:1   | Entered Level 1 of the Lair of Beasts
  7625 | Lair:1   | Reached XP level 10. HP: 13/76 MP: 17/17
  7658 | Lair:1   | Reached skill level 5 in Short Blades
  7658 | Lair:1   | Reached skill level 5 in Long Blades
  7658 | Lair:1   | Reached skill level 5 in Axes
  7658 | Lair:1   | Reached skill level 5 in Maces & Flails
  7658 | Lair:1   | Reached skill level 5 in Polearms
  7658 | Lair:1   | Reached skill level 5 in Staves
  7658 | Lair:1   | Reached skill level 5 in Ranged Weapons
  7658 | Lair:1   | Reached skill level 5 in Throwing
  7658 | Lair:1   | Reached skill level 5 in Armour
  7658 | Lair:1   | Reached skill level 5 in Stealth
  7658 | Lair:1   | Reached skill level 5 in Shields
  7658 | Lair:1   | Reached skill level 5 in Spellcasting
  7658 | Lair:1   | Reached skill level 5 in Evocations
  7924 | D:9      | Noticed a two-headed ogre
  7935 | D:9      | Killed a two-headed ogre
  8113 | D:9      | Found a staircase to the Orcish Mines.
  8202 | D:9      | Found a glowing golden altar of the Shining One.
  8592 | D:9      | Noticed a five-headed hydra
  8786 | Lair:1   | Reached XP level 11. HP: 38/83 MP: 19/19
  8791 | Lair:1   | Reached skill level 9 in Unarmed Combat
  8864 | Lair:1   | Reached skill level 5 in Conjurations
  8864 | Lair:1   | Reached skill level 5 in Hexes
  8864 | Lair:1   | Reached skill level 5 in Summonings
  8864 | Lair:1   | Reached skill level 5 in Necromancy
  8864 | Lair:1   | Reached skill level 5 in Translocations
  8864 | Lair:1   | Reached skill level 5 in Transmutations
  8864 | Lair:1   | Reached skill level 5 in Fire Magic
  8864 | Lair:1   | Reached skill level 5 in Ice Magic
  8864 | Lair:1   | Reached skill level 5 in Air Magic
  8864 | Lair:1   | Reached skill level 5 in Earth Magic
  8864 | Lair:1   | Reached skill level 5 in Poison Magic
  9027 | Lair:1   | Identified the +0 robe "Wuciefioth" {rPois Int+2 Stlth-}
  9694 | Lair:1   | Slain by a blink frog

Illustrated notes

Levels and vault maps discovered:
D:1:      grunt_arrival_lava_bath, layout_basic, serial_glass, glass_columns_a,
          glass_columns_b, glass_columns_a, glass_columns_b, glass_columns_a,
          glass_columns_a, minmay_stone_trees_large
D:2:      layout_loops_ring, basic_altar
D:3:      gammafunk_steamed_eel, layout_basic, okawaru_metal_pillars_1_2,
          gammafunk_ghost_grave, skrybe_limestone_x, dk_noncrumbling_3,
          uniq_jessica
D:4:      layout_cave_pools, minmay_temple_entry_large_hall, minmay_surrounded
D:5:      layout_basic, mainiacjoe_overflow_tiny_flanked, amcnicky_altar_gilded
D:6:      layout_rooms, nicolae_qazlal_style_of_elements,
          mainiacjoe_overflow_concentric_impassable, st_stairs_10, uniq_maggie,
          uniq_menkaure
D:7:      layout_basic, nzn_wu_jian_contemplation
D:8:      layout_basic, dpeg_oklobed_lair
D:9:      minmay_the_grid_triangle_9x9_rhombus_thin_mashed
          [minmay_the_grid_triangle_9x9_limited_checkers,
          minmay_the_grid_triangle_9x9_prize_center,
          minmay_the_grid_triangle_9x9_skeleton,
          minmay_the_grid_triangle_9x9_alien], layout_irregular_city,
          marbit_many_paths, orc_0_dummy
Temple:   nicolae_temple_ecumenical_triangle
Lair:1:   layout_roguey, st_stairs_4, columned_hall_lemuel

Skill      XL: |  1  2  3  4  5  6  7  8  9 10 11 |
---------------+----------------------------------+-----
Invocations    | 1 2 3 4 5 6 7 |  7.0
Short Blades   | 1 2 3 4 5 6 |  6.3
Long Blades    | 1 2 3 4 5 6 |  6.3
Axes           | 1 2 3 4 5 6 |  6.3
Maces & Flails | 1 2 3 4 5 6 |  6.3
Polearms       | 1 2 3 4 5 6 |  6.3
Staves         | 1 2 3 4 5 6 |  6.3
Ranged Weapons | 1 2 3 4 5 6 |  6.3
Throwing       | 1 2 3 4 5 6 |  6.3
Armour         | 1 2 3 4 5 6 |  6.3
Stealth        | 1 2 3 4 5 6 |  6.3
Shields        | 1 2 3 4 5 6 |  6.3
Spellcasting   | 1 2 3 4 5 6 |  6.3
Evocations     | 1 2 3 4 5 6 |  6.3
Conjurations   | 1 2 3 4 5 |  5.2
Hexes          | 1 2 3 4 5 |  5.2
Summonings     | 1 2 3 4 5 |  5.2
Necromancy     | 1 2 3 4 5 |  5.2
Translocations | 1 2 3 4 5 |  5.2
Transmutations | 1 2 3 4 5 |  5.2
Fire Magic     | 1 2 3 4 5 |  5.2
Ice Magic      | 1 2 3 4 5 |  5.2
Air Magic      | 1 2 3 4 5 |  5.2
Earth Magic    | 1 2 3 4 5 |  5.2
Poison Magic   | 1 2 3 4 5 |  5.2
Fighting       | 3 4 5 6 |  6.9
Dodging        | 5 6 7 |  7.9
Unarmed Combat | 7 8 9 |  9.2
Shapeshifting  | 7 8 |  8.5

Action                     |  1- 3 |  4- 6 |  7- 9 | 10-12 || total
---------------------------+-------+-------+-------+-------++-------
  Melee: Unarmed           |    51 |    81 |   104 |       ||   236
         Bite              |     3 |    10 |    35 |    14 ||    62
         Punch             |       |       |    14 |     7 ||    21
         Long sword        |       |       |   217 |   168 ||   385
  Throw: Boomerang         |       |     2 |       |     7 ||     9
         Dart              |       |       |       |     8 ||     8
   Cast: Mephitic Cloud    |       |       |       |     1 ||     1
 Invoke: Curse Item        |       |       |     2 |       ||     2
  Evoke: Wand              |       |       |     5 |     5 ||    10
    Use: Scroll            |       |     4 |     7 |     4 ||    15
         Potion            |       |     1 |    10 |       ||    11
   Stab: Sleeping          |     2 |       |     6 |     1 ||     9
         Paralysed         |       |       |     5 |     4 ||     9
 Armour: Animal skin       |    13 |       |       |       ||    13
         Ring mail         |       |    25 |    18 |       ||    43
         Skin              |       |     3 |     9 |     3 ||    15
         Crystal plate arm |       |       |    42 |       ||    42
         Steam dragon scal |       |       |    39 |     2 ||    41
         Troll leather arm |       |       |       |    17 ||    17
  Dodge: Dodged            |    29 |    72 |   193 |   111 ||   405
  Block: Buckler           |       |       |       |     4 ||     4

Table legend: (Time is in decaauts)
 A = Elapsed time spent in this place.
 B = Non-inter-level travel time spent in this place.
 C = Inter-level travel time spent in this place.
 D = Time resting spent in this place.
 E = Time spent auto-exploring this place.
 F = Levels seen in this place.
 G = Mean time per level.
                   A        B        C        D        E       F      G
               +--------+--------+--------+--------+--------+-----+--------+
         Total |   9714 |   8884 |    830 |   2113 |   4559 |  11 |  883.1 |
       Dungeon |   8245 |   7475 |    770 |   1530 |   4160 |   9 |  916.1 |
        Temple |     80 |     47 |     33 |      0 |     29 |   1 |   80.0 |
          Lair |   1388 |   1361 |     27 |    583 |    370 |   1 | 1388.0 |
               +--------+--------+--------+--------+--------+-----+--------+

Top non-repeatable levels by time:
     D:5: 1830 daAuts
     D:8: 1458 daAuts
  Lair:1: 1388 daAuts
     D:6: 1152 daAuts
     D:4: 851 daAuts
     D:2: 791 daAuts
     D:9: 688 daAuts
     D:3: 643 daAuts
     D:1: 631 daAuts
     D:7: 196 daAuts
  Temple: 80 daAuts
